 Dungeon Crawl Stone Soup version 0.28.0-1-gb440e238dd (webtiles) character file.

Game seed: 15610928743988062124

232459 pkoi the Gelid (level 18, -1/145 HPs)
             Began as a Yellow Draconian Ice Elementalist on Feb 23, 2022.
             Was an Elder of Sif Muna.
             Succumbed to a +3 halberd of venom's poison
             ... on level 2 of the Elven Halls.
             The game lasted 02:04:54 (80965 turns).

pkoi the Gelid (Yellow Draconian Ice Elementalist) Turns: 80965, Time: 02:04:55

Health: -1/145     AC: 18    Str: 11    XL:     18   Next: 39%
Magic:  2/34       EV: 34    Int: 29    God:    Sif Muna [****..]
Gold:   2215       SH:  0    Dex: 16    Spells: 1/41 levels left

rFire   . . .      SeeInvis +   C - +8 battleaxe "Soize" {freeze, Dex+3}
rCold   . . .      Faith    .   (shield currently unavailable)
rNeg    + + .      Spirit   .   (armour unavailable)
rPois   +          Reflect  .   (helmet restricted)
rElec   .          Harm     .   i - +0 cloak
rCorr   +          Rampage  .   k - +0 pair of gloves of Ziagol {Int+7 SInv}
Will    +....                   O - +1 pair of boots "Beyjyo" {Slay+3}
Stlth   +++.......              r - amulet of the acrobat
HPRegen 0.34/turn               c - ring "Yticiqil" {rPois SInv}
MPRegen 0.24/turn               D - ring "Ivaxeson" {rN++ AC+4 SInv}

@: lethally poisoned (-1 -> -12), short of breath, unable to drink, acrobatic
A: spit acid, AC +10, unfitting armour, acidic bite, cold-blooded, acid
resistance
}: 2/15 runes: serpentine, barnacled
a: Breathe Acid, Renounce Religion, Channel Magic, Forget Spell, Divine Exegesis


You were on level 2 of the Elven Halls.
You worshipped Sif Muna.
Sif Muna was greatly pleased with you.
You visited 7 branches of the dungeon, and saw 32 of its levels.

You collected 3121 gold pieces.
You spent 906 gold pieces at shops.

Inventory:

Hand Weapons
 y - a +5 spear
 C - the +8 battleaxe "Soize" (weapon) {freeze, Dex+3}
   (You found it on level 2 of the Lair of Beasts)

   It freezes those it strikes, dealing additional cold damage.
   It can also slow down cold-blooded creatures.
   Dex:       It affects your dexterity (+3).
 T - the +10 glaive "Fumil" {holy, rElec rPois Int-3}
   (You found it on level 4 of the Shoals)

   It has been blessed by the Shining One to cause great damage to the undead
   and demons.
   Int:       It affects your intelligence (-3).
   rElec:     It insulates you from electricity.
   rPois:     It protects you from poison.
Missiles
 j - 2 curare-tipped darts
 t - 9 throwing nets
Armour
 i - a +0 cloak (worn)
 k - the +0 pair of gloves of Ziagol (worn) {Int+7 SInv}
   (You found it on level 2 of the Snake Pit)

   Int:       It affects your intelligence (+7).
   SInv:      It lets you see invisible.
 O - the +1 pair of boots "Beyjyo" (worn) {Slay+3}
   (You bought it in a shop on level 2 of the Orcish Mines)

   Slay:      It affects your accuracy & damage with ranged weapons and melee
   (+3).
Jewellery
 c - the ring "Yticiqil" (left hand) {rPois SInv}
   (You acquired it on level 6 of the Dungeon)

   [ring of poison resistance]

   rPois:     It protects you from poison.
   SInv:      It lets you see invisible.
 l - an amulet of faith
 q - a +6 ring of intelligence
 r - an amulet of the acrobat (around neck)
 w - a ring of ice
 z - a ring of wizardry
 D - the ring "Ivaxeson" (right hand) {rN++ AC+4 SInv}
   (You found it on level 3 of the Lair of Beasts)

   [ring of protection]

   AC:        It affects your AC (+4).
   rN:        It greatly protects you from negative energy.
   SInv:      It lets you see invisible.
 R - a ring of willpower
 S - a +4 ring of protection
Wands
 g - a wand of polymorph (12)
 h - a wand of acid (19)
 v - a wand of paralysis (13)
 B - a wand of iceblast (11)
 I - a wand of flame (24)
 J - a wand of mindburst (12)
Scrolls
 a - 5 scrolls of fog
 f - 4 scrolls of amnesia
 o - 4 scrolls of magic mapping
 s - 6 scrolls of blinking
 A - 15 scrolls of identify
 E - 9 scrolls of teleportation
 F - 5 scrolls of fear
 G - 7 scrolls of silence
 L - 4 scrolls of enchant armour
 M - a scroll of summoning
 Q - a scroll of brand weapon
Potions
 b - 5 potions of heal wounds
 d - 6 potions of magic
 e - a potion of invisibility
 m - 6 potions of flight
 n - 8 potions of haste
 p - 9 potions of curing
 u - 4 potions of ambrosia
 x - 5 potions of cancellation
 H - 7 potions of might
 K - a potion of brilliance
 N - a potion of berserk rage
 P - 3 potions of resistance


   Skills:
 - Level 9.0 Fighting
 - Level 12.0 Dodging
 + Level 6.7 Stealth
 - Level 12.0 Spellcasting
 + Level 14.6 Conjurations
 - Level 6.0 Translocations
 + Level 20.3 Ice Magic
 - Level 6.0 Poison Magic
 - Level 10.0 Invocations


You had one spell level left.
You knew the following spells:

 Your Spells              Type           Power      Damage    Failure   Level
a - Magic Dart            Conj           100%       1d8       0%          1
b - Frozen Ramparts       Ice            100%       1d12      0%          3
c - Ozocubu's Armour      Ice            94%        N/A       0%          3
d - Passage of Golubria   Tloc           51%        N/A       2%          4
e - Searing Ray           Conj           100%       2d8       0%          2
f - Ozocubu's Refrigerat  Ice            47%        4d14      1%          7
g - Olgreb's Toxic Radia  Pois           51%        N/A       2%          4
h - Iskenderun's Mystic   Conj/Tloc      67%        2d14      1%          4
i - Orb of Destruction    Conj           40%        9d11      6%          7
j - Iskenderun's Battles  Conj           80%        2d13      1%          5

Your spell library contained the following spells:

 Spells                   Type           Power      Damage    Failure   Level
 Freeze                   Ice            100%       1d11      0%          1
 Shock                    Conj/Air       100%       1d9       1%          1
 Beastly Appendage        Tmut           34%        N/A       3%          1
 Summon Small Mammal      Summ           68%        N/A       3%          1
 Poisonous Vapours        Pois/Air       68%        N/A       1%          2
 Static Discharge         Conj/Air       56%        N/A       1%          2
 Dazzling Flash           Conj/Hex       100%       N/A       1%          3
 Gell's Gravitas          Tloc           51%        N/A       1%          3
 Mephitic Cloud           Conj/Pois/Air  55%        N/A       1%          3
 Stone Arrow              Conj/Erth      100%       3d13      1%          3
 Teleport Other           Tloc           51%        N/A       1%          3
 Flame Wave               Conj/Fire      56%        2d11      1%          4
 Fulminant Prism          Conj/Hex       28%        3d14      1%          4
 Hailstorm                Conj/Ice       87%        3d17      1%          4
 Ice Form                 Ice/Tmut       66%        N/A       1%          4
 Sticky Flame             Conj/Fire      56%        2d7       1%          4
 Summon Ice Beast         Ice/Summ       66%        N/A       1%          4
 Freezing Cloud           Conj/Ice/Air   35%        6-21      1%          5
 Metabolic Englaciation   Hex/Ice        33%        N/A       1%          5
 Portal Projectile        Hex/Tloc       68%        N/A       2%          3
 Spider Form              Tmut/Pois      34%        N/A       2%          3
 Corpse Rot               Necr/Air       34%        N/A       4%          2
 Ignite Poison            Fire/Tmut/Pois 29%        N/A       4%          3
 Fireball                 Conj/Fire      28%        3d12      4%          5
 Irradiate                Conj/Tmut      28%        3d22      4%          5
 Lightning Bolt           Conj/Air       28%        1d44      4%          5
 Manifold Assault         Tloc           51%        N/A       7%          5
 Simulacrum               Ice/Necr       33%        N/A       8%          6
 Call Canine Familiar     Summ           17%        N/A       9%          3
 Summon Guardian Golem    Hex/Summ       17%        N/A       9%          3
 Conjure Ball Lightning   Conj/Air       28%        3x3d8     22%         6
 Iron Shot                Conj/Erth      28%        9d6       22%         6
 Starburst                Conj/Fire      28%        6d9       22%         6
 Summon Forest            Summ/Tloc      17%        N/A       24%         5
 Dispel Undead            Necr           17%        3d10      30%         4
 Leda's Liquefaction      Hex/Erth       8%         N/A       30%         4
 Petrify                  Tmut/Erth      17%        N/A       30%         4
 Summon Lightning Spire   Summ/Air       17%        N/A       30%         4
 Dispersal                Tloc           25%        N/A       36%         6
 Agony                    Necr           17%        N/A       63%         5
 Silence                  Hex/Air        8%         N/A       63%         5
 Summon Mana Viper        Hex/Summ       17%        N/A       63%         5
 Yara's Violent Unravell  Hex/Tmut       8%         3d5       63%         5
 Spellforged Servitor     Conj/Summ      28%        N/A       77%         7
 Eringya's Noxious Bog    Tmut/Pois      17%        N/A       80%         6
 Statue Form              Tmut/Erth      11%        N/A       99%         6
 Summon Cactus Giant      Summ           8%         N/A       99%         6
 Dragon Form              Tmut           8%         N/A       100%        7
 Disjunction              Tloc           25%        N/A       100%        8
 Ignition                 Fire           8%         3d5       100%        8
 Chain Lightning          Conj/Air       28%        3d37      100%        9


Dungeon Overview and Level Annotations

Branches:
Dungeon (13/15)            Temple (1/1) D:5            Lair (6/6) D:8
 Shoals (4/4) Lair:3        Snake (4/4) Lair:2        Slime (0/5) Lair:5
    Orc (2/2) D:11            Elf (2/3) Orc:2        Vaults (0/5) D:13

Altars:
Ashenzari
Cheibriados
Dithmenos
Elyvilon
Fedhas
Gozag
Hepliaklqana
Kikubaaqudgha
Makhleb
Nemelex Xobeh
Okawaru
Qazlal
Ru
Sif Muna
Trog
Uskayaw
Vehumet
Wu Jian
Xom
Yredelemnul
Zin
The Shining One
Jiyva

Shops:
D:1 :   D:7 !   Orc:2 :*[(   Elf:2 *   Snake:4 *

Annotations:
D:5 1 runed translucent door, exclusion: ice beast, bande's ghost, novice GrFi
D:7 2 transporters, Grum
D:10 exclusion: obsidian statue
Lair:6 exclusion: obsidian statue
Orc:1 3 runed translucent doors, Paomaemm's ghost, journeyman DsFi
Elf:1 3 runed translucent doors
Elf:2 1 runed translucent door


Innate Abilities, Weirdness & Mutations

You can spit globs of acid.
Your golden yellow scales are hard. (AC +10)
You cannot fit into any form of body armour.
You have acidic saliva.
You are cold-blooded and may be slowed by cold attacks.
You are resistant to acid. (rCorr)


Message History

Unknown command.
Unknown command.
You're wearing all the rings you can.
Remove which one? (? for menu, Esc to cancel) < or
q - a +6 ring of intelligence > or
D - the ring "Ivaxeson" {rN++ AC+4 SInv} You remove your +6 ring of intelligence.
You feel stupid.
* * * LOW HITPOINT WARNING * * *
You feel sick.
c - the ring "Yticiqil" (left hand) {rPois SInv}
* * * LOW HITPOINT WARNING * * *
You feel sick.
You cannot drink potions in your current state!
You cannot drink potions in your current state!
You cannot drink potions in your current state!
You cannot drink potions in your current state!
You cannot drink potions in your current state!
You cannot drink potions in your current state!
You cannot drink potions in your current state!
Okay, then.
You cannot drink potions in your current state!
Okay, then.
Unknown command.
Unknown command.
Okay, then.
Unknown command.
Okay, then.
Unknown command.
Unknown command.
Okay, then.
Unknown command.
Okay, then.
Unknown command.
Unknown command.
Unknown command.
You cannot drink potions in your current state!
Okay, then.
Unknown command.
You die...

)) .. .. .# #.#
..# ..#...##.# #
##.).####.# #
##.......#.#
##.##.#...#.# ##
###)...(#...#.# #.
#...###......># #.
#@...##.##.######.
#.................
#........#####....
#(.......### #.##.
#..........# #.##.
#.....####.# #.##.
#....## #.# #....
#...######.######.
##.## #.......###.


There were no monsters in sight!

Vanquished Creatures
  2 quicksilver dragons (Snake:4)
  Agnes (Elf:1)
  Roxanne (Shoals:2)
  5 nagarajas
  A frost giant (Shoals:4)
  Ilsuiw (Shoals:2)
  2 orc warlords
  The ghost of Adireryl the Fighter, a journeyman HOFi of Beogh (Lair:5)
  A deep elf annihilator (Elf:1)
  A dire elephant (Lair:6)
  A minotaur (Shoals:1)
  Snorg (Orc:2)
  An ettin (Orc:2)
  12 merfolk impalers
  2 merfolk javelineers
  Josephine (D:11)
  7 hydras
  A boulder beetle (D:12)
  17 naga warriors
  A centaur warrior (D:13)
  4 vault guards (D:13)
  10 salamander tyrants
  5 merfolk avatars
  A death knight (D:9)
  An alligator (Shoals:2)
  3 merfolk aquamancers (Shoals:4)
  8 anacondas
  2 two-headed ogres
  4 dancing weapons
  A tengu warrior (Shoals:4)
  2 satyrs
  4 orc high priests (Orc:2)
  Urug (Lair:1)
  2 death yaks (Lair:6)
  19 naga sharpshooters
  9 shock serpents
  12 deep elf knights
  6 salamander mystics
  A goliath frog (Shoals:2)
  3 naga ritualists
  12 sea snakes
  7 deep elf archers
  14 deep elf zephyrmancers
  6 orc knights
  2 necromancers (Lair:6)
  10 deep elf pyromancers
  10 mana vipers
  An ugly thing (D:12)
  17 salamanders
  18 fauns
  7 orc sorcerers
  3 cyclopes
  6 manticores
  9 elephants (Lair:6)
  3 water nymphs
  9 guardian serpents
  39 black mambas
  11 merfolk sirens
  Maurice (Orc:2)
  Joseph (Lair:1)
  A torpor snail (Lair:5)
  15 naga magi
  2 rime drakes
  10 cane toads
  A dire elephant skeleton (Lair:6)
  2 gargoyles
  A yaktaur (D:13)
  2 kobold demonologists (D:12)
  10 komodo dragons
  3 tengu conjurers
  8 trolls
  4 meliai (Shoals:1)
  2 polar bears
  5 wind drakes
  24 merfolk
  19 blink frogs
  14 snapping turtles
  4 slime creatures (D:12)
  A blink frog (shapeshifter) (Elf:1)
  4 air elementals
  3 wyverns
  5 wraiths
  A dire elephant simulacrum (Lair:6)
  4 fire elementals (Elf:1)
  31 yaks
  8 water elementals
  A basilisk (Lair:5)
  2 steam dragons
  5 wargs
  A death yak simulacrum (Lair:6)
  48 nagas
  An acid dragon (D:11)
  21 water moccasins
  49 orc warriors
  2 black bears
  3 necrophages
  14 ogres
  16 centaurs
  3 kobold brigands
  10 bullfrogs
  A gnoll sergeant (D:7)
  A wyvern zombie (D:8)
  6 scorpions
  3 cane toad simulacra (Lair:6)
  3 wyvern skeletons
  10 killer bees
  2 elephant simulacra (Lair:6)
  4 wights
  2 howler monkeys
  4 centaur zombies
  3 hounds
  2 bullfrog zombies
  A jelly (D:7)
  27 orc priests
  A gnoll shaman (D:6)
  2 bullfrog skeletons (D:5)
  2 centaur skeletons
  2 iguanas (D:6)
  A scorpion zombie (D:5)
  32 orc wizards
  3 killer bee zombies
  2 howler monkey zombies
  Robin (D:3)
  2 howler monkey skeletons
  16 gnolls
  13 adders
  2 shadow imps
  A white imp (D:7)
  2 ufetubi
  2 adder skeletons
  4 worms
  2 dart slugs
  95 orcs
  9 endoplasms
  6 giant cockroaches
  14 goblins
  13 hobgoblins
  2 jackals (D:4)
  2 quokkas
  8 ball pythons
  6 bats
  5 frilled lizards
  14 kobolds
  A quokka skeleton (D:4)
  8 rats
1046 creatures vanquished.

Vanquished Creatures (others)
  A black mamba (Snake:3)
  52 fungi
  158 plants
  33 withered plants (Lair:6)
244 creatures vanquished.

Grand Total: 1290 creatures vanquished

Notes
Turn   | Place    | Note
-------+----------+-------------------------------------------
     0 | D:1      | pkoi the Draconian Ice Elementalist began the quest for the
                  | Orb.
     0 | D:1      | Reached XP level 1. HP: 14/14 MP: 3/3
   238 | D:1      | Reached XP level 2. HP: 15/20 MP: 0/5
   859 | D:1      | Found Owaps's Book Shop.
  1291 | D:1      | Reached XP level 3. HP: 26/26 MP: 4/6
  1327 | D:1      | Learned a level 3 spell: Frozen Ramparts
  2230 | D:2      | Learned a level 3 spell: Ozocubu's Armour
  2244 | D:2      | Reached XP level 4. HP: 31/33 MP: 4/7
  3368 | D:3      | Reached XP level 5. HP: 35/38 MP: 7/9
  3418 | D:3      | Noticed Robin
  3430 | D:3      | Killed Robin
  3532 | D:3      | Reached skill level 5 in Ice Magic
  5584 | D:4      | Noticed an ogre
  5643 | D:4      | Reached skill level 6 in Ice Magic
  5643 | D:4      | Reached XP level 6. HP: 41/45 MP: 3/10
  6194 | D:5      | Entered Level 5 of the Dungeon
  6194 | D:5      | Found a runed translucent door.
  6196 | D:5      | Noticed bande's ghost (novice GrFi)
  6216 | D:5      | Noticed an ice beast
  6224 | D:5      | Learned a level 4 spell: Hailstorm
  6256 | D:5      | Reached skill level 1 in Conjurations
  6401 | D:5      | Reached skill level 7 in Ice Magic
  6401 | D:5      | Your scales start taking on a golden yellow colour.
  6401 | D:5      | Reached XP level 7. HP: 49/50 MP: 5/11
  6401 | D:5      | Gained mutation: You are resistant to acid. (rCorr) [Yellow
                  | Draconian growth]
  6956 | D:5      | Found a staircase to the Ecumenical Temple.
  6990 | Temple   | Entered the Ecumenical Temple
  7422 | Temple   | Became a worshipper of Sif Muna the Loreminder
  8134 | D:5      | Reached skill level 8 in Ice Magic
  8221 | D:5      | Reached XP level 8. HP: 57/57 MP: 5/12
  8890 | D:5      | Reached skill level 9 in Ice Magic
  9229 | D:6      | Reached skill level 5 in Conjurations
  9362 | D:6      | Identified a scroll of acquirement
  9362 | D:6      | Acquired the ring "Yticiqil" {rPois SInv}
  9380 | D:5      | Learned a level 1 spell: Magic Dart
 10179 | D:6      | Learned a level 2 spell: Searing Ray
 10183 | D:6      | Reached * piety under Sif Muna
 10636 | D:6      | Reached XP level 9. HP: 62/62 MP: 2/13
 10682 | D:6      | Reached skill level 1 in Invocations
 11482 | D:6      | Reached skill level 10 in Ice Magic
 11813 | D:7      | Reached ** piety under Sif Muna
 13779 | D:7      | Found an opulent altar of Gozag.
 13956 | D:7      | Reached skill level 1 in Fighting
 14384 | D:7      | Found Xocah's Distillery.
 14417 | D:7      | Found a transporter.
 14418 | D:7      | Found a transporter.
 14442 | D:7      | Noticed Grum
 14467 | D:7      | Identified the +8 spear of Golden Valour {venom, rC- rN++
                  | Str+4}
 14467 | D:7      | Identified the +1 scale mail of the Morning {-Cast Dex+4
                  | Slay+3}
 14705 | D:8      | Found a staircase to the Lair.
 15637 | D:8      | Reached XP level 10. HP: 68/72 MP: 11/17
 15932 | D:8      | Reached skill level 5 in Spellcasting
 16391 | D:9      | Noticed a cyclops
 16460 | D:9      | Reached *** piety under Sif Muna
 16461 | D:9      | Reached skill level 5 in Invocations
 16723 | D:9      | Noticed a gargoyle
 16723 | D:9      | Noticed a death knight
 16723 | D:9      | Noticed a two-headed ogre
 17169 | Lair:1   | Entered Level 1 of the Lair of Beasts
 17200 | Lair:1   | Noticed Joseph
 17473 | Lair:1   | Reached skill level 11 in Ice Magic
 17516 | Lair:1   | Learned a level 7 spell: Ozocubu's Refrigeration
 17602 | Lair:1   | Noticed Urug
 17869 | Lair:1   | Killed Joseph
 18143 | Lair:1   | Noticed a cane toad
 18152 | Lair:1   | Killed a cane toad
 18543 | Lair:1   | Noticed a black mamba
 18554 | Lair:1   | Killed a black mamba
 18713 | Lair:1   | Noticed a black mamba
 18720 | Lair:1   | Killed a black mamba
 18998 | Lair:1   | Killed Urug
 18999 | Lair:1   | Reached skill level 12 in Ice Magic
 18999 | Lair:1   | Reached XP level 11. HP: 79/82 MP: 7/21
 19216 | Lair:2   | Identified the +8 battleaxe "Soize" {freeze, Dex+3}
 19371 | Lair:2   | Noticed a five-headed hydra
 19387 | Lair:2   | Killed a five-headed hydra
 19388 | Lair:2   | Reached skill level 13 in Ice Magic
 19486 | Lair:2   | Reached skill level 14 in Ice Magic
 19672 | Lair:2   | Reached **** piety under Sif Muna
 20013 | Lair:2   | Found a staircase to the Snake Pit.
 20302 | Lair:2   | Noticed an eight-headed hydra
 20325 | Lair:2   | Killed an eight-headed hydra
 20665 | Lair:2   | Reached skill level 15 in Ice Magic
 20665 | Lair:2   | Reached XP level 12. HP: 89/89 MP: 14/23
 21576 | Lair:3   | Identified the ring "Ivaxeson" {rN++ AC+4 SInv}
 22314 | Lair:3   | Found a staircase to the Shoals.
 23046 | Lair:4   | Found an iron altar of Okawaru.
 24304 | Lair:5   | Reached skill level 16 in Ice Magic
 24894 | Lair:5   | Learned a level 4 spell: Olgreb's Toxic Radiance
 24907 | Lair:5   | Noticed a seven-headed hydra
 24917 | Lair:5   | Killed a seven-headed hydra
 24918 | Lair:5   | Reached skill level 10 in Spellcasting
 25114 | Lair:5   | Found a large runed translucent door.
 25114 | Lair:5   | Found a large runed translucent door.
 25118 | Lair:5   | Noticed Adireryl's ghost (journeyman HOFi)
 25148 | Lair:5   | Reached skill level 1 in Poison Magic
 25715 | Lair:5   | Found a staircase to the Slime Pits.
 25717 | Lair:5   | Found a viscous altar of Jiyva.
 26041 | Lair:5   | Noticed a four-headed hydra
 26046 | Lair:5   | Killed a five-headed hydra
 26266 | Lair:6   | Entered Level 6 of the Lair of Beasts
 26270 | Lair:6   | Reached XP level 13. HP: 94/94 MP: 5/27
 27717 | Lair:6   | Noticed a dire elephant
 27963 | Lair:6   | Noticed a dire elephant
 27965 | Lair:6   | Noticed a dire elephant
 28469 | D:1      | Bought a book of Spectacle for 320 gold pieces
 28474 | D:1      | Learned a level 4 spell: Iskenderun's Mystic Blast
 28659 | Lair:6   | Killed a dire elephant
 28858 | Lair:6   | Reached skill level 1 in Translocations
 32565 | D:10     | Entered Level 10 of the Dungeon
 33814 | D:11     | Found a staircase to the Orcish Mines.
 34251 | D:11     | Noticed Josephine
 34259 | D:11     | Reached ***** piety under Sif Muna
 34260 | D:11     | Killed Josephine
 34261 | D:11     | Reached skill level 17 in Ice Magic
 34355 | D:11     | Reached skill level 5 in Poison Magic
 36227 | D:12     | Gained mutation: You have acidic saliva. [Yellow Draconian
                  | growth]
 36227 | D:12     | Reached XP level 14. HP: 44/102 MP: 3/29
 36700 | D:12     | Received a gift from Sif Muna
 36737 | D:12     | Got Sif Muna's Reference Book on Quantum Lightness {god
                  | gift}
 37343 | D:12     | Identified the +0 leather armour "Ciulaqy" {Fly rCorr}
 39297 | D:13     | Found a gate to the Vaults.
 39497 | Orc:1    | Entered Level 1 of the Orcish Mines
 39503 | Orc:1    | Noticed an orc warlord
 39512 | Orc:1    | Killed an orc warlord
 39513 | Orc:1    | Reached skill level 5 in Translocations
 39722 | Orc:1    | Found a runed translucent gate.
 39723 | Orc:1    | Found a runed translucent gate.
 39724 | Orc:1    | Found a runed translucent gate.
 39725 | Orc:1    | Noticed Paomaemm's ghost (journeyman DsFi)
 40641 | Orc:2    | Entered Level 2 of the Orcish Mines
 41724 | Orc:2    | Reached skill level 5 in Fighting
 41915 | Orc:2    | Noticed Maurice
 41918 | Orc:2    | Killed Maurice
 41993 | Orc:2    | Noticed an orc warlord
 42000 | Orc:2    | Killed an orc warlord
 43542 | Orc:2    | Reached skill level 5 in Dodging
 43584 | Orc:2    | Received a gift from Sif Muna
 43585 | Orc:2    | Got Vaamaj Quat's Guide on Confrontation and Transmigration
                  | {god gift}
 43778 | Orc:2    | Reached skill level 10 in Conjurations
 45362 | Orc:2    | Noticed Snorg
 45365 | Orc:2    | Killed Snorg
 46038 | Lair:5   | Killed Adireryl's ghost
 46144 | Lair:5   | Identified the ring "Zopem" {rElec rF- rC+ EV+4}
 46372 | Orc:2    | Found a staircase to the Elven Halls.
 46627 | Orc:2    | Found Yfor's Antique Armour Emporium.
 46627 | Orc:2    | Found Wyobryho's Antique Weapon Emporium.
 46640 | Orc:2    | Found Siub's General Store.
 46640 | Orc:2    | Found Puewnocoj's Book Shoppe.
 46654 | Orc:2    | Bought a pair of polished boots for 313 gold pieces
 46654 | Orc:2    | Identified the +1 pair of boots "Beyjyo" {Slay+3} (You
                  | bought it in a shop on level 2 of the Orcish Mines)
 46656 | Orc:2    | Bought a pair of runed gloves for 247 gold pieces
 47084 | Elf:1    | Entered Level 1 of the Elven Halls
 47090 | Orc:2    | Reached XP level 15. HP: 98/113 MP: 16/30
 48089 | Elf:1    | Paralysed by an air elemental for 1 turns
 48824 | Elf:1    | Noticed Agnes
 48828 | Elf:1    | Killed Agnes
 49316 | Elf:1    | Got Ocwidgh's Volume of Attacks
 49861 | Elf:1    | Found a runed translucent gate.
 49861 | Elf:1    | Found a runed translucent gate.
 49861 | Elf:1    | Found a runed translucent gate.
 49862 | Elf:1    | Noticed a tentacled monstrosity
 49862 | Elf:1    | Noticed a tentacled monstrosity
 49863 | Elf:1    | Noticed a tentacled monstrosity
 49864 | Elf:1    | Noticed a tentacled monstrosity
 49893 | Elf:1    | Paralysed by an air elemental for 1 turns
 50608 | Elf:2    | Found Vuery's General Store.
 50780 | Elf:2    | Paralysed by an air elemental for 1 turns
 50782 | Elf:2    | Reached skill level 18 in Ice Magic
 51156 | Elf:2    | Found a runed translucent door.
 51408 | Snake:1  | Entered Level 1 of the Snake Pit
 52462 | Snake:2  | Received a gift from Sif Muna
 55010 | Snake:2  | Noticed a nagaraja
 55014 | Snake:2  | Killed a nagaraja
 55738 | Snake:2  | Reached XP level 16. HP: 130/130 MP: 10/32
 56124 | Snake:2  | Identified the +0 pair of gloves of Ziagol {Int+7 SInv}
 56976 | Snake:3  | Learned a level 7 spell: Orb of Destruction
 60672 | Snake:4  | Entered Level 4 of the Snake Pit
 60972 | Snake:3  | Received a gift from Sif Muna
 60973 | Snake:3  | Got Sif Muna's Grimoire of Moulding and the Snowflakes {god
                  | gift}
 65053 | Snake:4  | Reached skill level 10 in Invocations
 65961 | Snake:4  | Reached XP level 17. HP: 137/137 MP: 18/33
 66367 | Snake:4  | Found Miuzuuly's Assorted Antiques.
 66370 | Snake:4  | Bought a fizzy dark potion for 26 gold pieces
 66928 | Snake:4  | Reached skill level 10 in Dodging
 67462 | Snake:4  | Reached skill level 19 in Ice Magic
 67789 | Snake:4  | Noticed a quicksilver dragon
 67792 | Snake:4  | Killed a quicksilver dragon
 68079 | Snake:4  | Noticed a quicksilver dragon
 68082 | Snake:4  | Killed a quicksilver dragon
 68832 | Snake:4  | Got a serpentine rune of Zot
 69938 | Snake:4  | Received a gift from Sif Muna
 69939 | Snake:4  | Got Hitar's Compendium of Twisted Attacks {god gift}
 70228 | Shoals:1 | Entered Level 1 of the Shoals
 70385 | Shoals:1 | Found a hide-covered altar of Uskayaw.
 75527 | Shoals:2 | Noticed Ilsuiw
 75533 | Shoals:2 | Killed Ilsuiw
 75608 | Shoals:2 | Identified Roxanne's Almanac of Transmutation
 75608 | Shoals:2 | Noticed Roxanne
 75753 | Shoals:2 | Killed Roxanne
 75900 | Shoals:2 | Learned a level 4 spell: Passage of Golubria
 77219 | Shoals:4 | Entered Level 4 of the Shoals
 77223 | Shoals:4 | Reached XP level 18. HP: 145/145 MP: 12/34
 77365 | Shoals:4 | Reached skill level 5 in Stealth
 77791 | Shoals:4 | Identified the +10 glaive "Fumil" {holy, rElec rPois Int-3}
 77968 | Shoals:4 | Reached skill level 20 in Ice Magic
 79683 | Shoals:4 | Got a barnacled rune of Zot
 80890 | Elf:2    | Learned a level 5 spell: Iskenderun's Battlesphere
 80962 | Elf:2    | HP: 6/145 [poisoned by a +3 halberd of venom]
 80964 | Elf:2    | HP: 2/145 [poisoned by a +3 halberd of venom]
 80965 | Elf:2    | Succumbed to a +3 halberd of venom's poison

Illustrated notes

Levels and vault maps discovered:
D:1:      denvon_arrival_planthouse, layout_basic, serial_shops, shop_statue
D:2:      minmay_angry_zag, layout_loops_ring, minmay_tree_intersection
D:3:      layout_loops_cross, corner_web_ring, grunt_ministairs_15,
          nicolae_figureground_pulse, uniq_robin
D:4:      layout_rooms, serial_forest, infiniplex_forest_end_2,
          infiniplex_forest_lined_3, infiniplex_forest_clump_tiny,
          infiniplex_forest_clump_small, infiniplex_forest_zigzag_2,
          infiniplex_forest_straight_4, infiniplex_forest_corner_1,
          chequers_serial_rivers_micro_c, chequers_avenue
D:5:      minmay_razor_zed, layout_loops_corners, minmay_temple_entry_mist,
          ebering_ghost_sewer_d
D:6:      layout_basic, minmay_between
D:7:      layout_rooms, mainiacjoe_overflow_concentric_impassable, serial_shops,
          nicolae_take_the_stairs, gammafunk_ghost_gnarly_gnolls,
          minmay_circle_x
D:8:      layout_rooms, dpeg_oklobed_lair, grunt_ministairs_1,
          minmay_misc_feat_iff
D:9:      layout_cave_pods, minivault_25_ag
D:10:     layout_loops_cross, minivault_16, serial_bayou_crossing
D:11:     layout_loops_ring, orc_0_dummy, uniq_josephine
D:12:     layout_basic
D:13:     layout_small_grid, grunt_vaults_entry_fortified
Temple:   mainiacjoe_temple_trianglar_array
Lair:1:   layout_long_grid, grunt_megastairs_4, uniq_urug, uniq_joseph
Lair:2:   layout_gridlike, minmay_snake_entry_six_corridors,
          serial_bayou_shore_b
Lair:3:   layout_layer_cave, minmay_shoals_entry_hut, minivault_27
Lair:4:   layout_gridlike, basic_altar
Lair:5:   layout_regular_city, slime_altar_1, ebering_ghost_disaster_area,
          beast_lair_carwin_1
Lair:6:   due_jungle_book, layout_misc_corridors
Shoals:1: layout_shoals, regret_index_shoals_crete
Shoals:2: layout_shoals, nicolae_shoals_goliath_grotto, uniq_ilsuiw,
          uniq_roxanne
Shoals:3: layout_shoals
Shoals:4: shoals_end_grunt_ice, layout_shoals, shoal_ilsuiw,
          nicolae_shoals_lost_giant_temple, kb_tengu_band
Snake:1:  layout_cave_shapes
Snake:2:  layout_cave_shapes, nrook_guardian_serpent_double
Snake:3:  layout_cave_town, st_stairs_3
Snake:4:  hellmonk_snake_rune_quicksilver_temple, layout_rooms, serial_shops,
          shop_statue, nicolae_snake_scaly_snakehead
Orc:1:    layout_caves, gammafunk_ghost_split
Orc:2:    st_orc_congregation, layout_diamond_mine, uniq_snorg, uniq_maurice
Elf:1:    layout_rooms, ploomutoo_gammafunk_ghost_potion_laboratory,
          minmay_elf_annihilation, grunt_megastairs_2, uniq_agnes
Elf:2:    elven_hall_of_blades_hangedman_original
          [nicolae_vaults_blade_armed_guards], layout_loops_cross, serial_shops,
          nicolae_shop_waterfront, minivault_13

Skill      XL: |  1  2  3  4  5  6  7  8  9 10 11 12 13 14 15 16 17 18 |
---------------+-------------------------------------------------------+-----
Stealth        | 2 3 4 6 |  6.7
Dodging        | 2 3 5 7 9 11 12 | 12.0
Spellcasting   | 3 4 7 10 11 12 | 12.0
Ice Magic      | 6 7 8 9 10 12 15 16 17 18 19 20 | 20.3
Conjurations   | 2 4 6 7 9 10 11 13 14 | 14.6
Invocations    | 4 6 8 10 | 10.0
Fighting       | 1 3 6 8 9 |  9.0
Poison Magic   | 2 5 6 |  6.0
Translocations | 4 6 |  6.0

Action                   |  1- 3 |  4- 6 |  7- 9 | 10-12 | 13-15 | 16-18 || total
-------------------------+-------+-------+-------+-------+-------+-------++-------
Melee: Unarmed           |     9 |       |       |       |       |       ||     9
       Dagger            |    57 |   106 |   212 |       |       |       ||   375
       Tailslap          |    10 |    15 |    43 |    18 |    11 |     4 ||   101
       Punch             |     1 |       |     6 |     2 |       |       ||     9
       Whip              |       |       |    10 |    22 |       |       ||    32
       Spear             |       |       |       |    27 |       |       ||    27
       Battleaxe         |       |       |       |    80 |    45 |    33 ||   158
       Bite              |       |       |       |       |     4 |     3 ||     7
 Cast: Freeze            |    53 |    27 |     3 |       |       |       ||    83
       Frozen Ramparts   |       |    16 |    48 |    71 |    38 |    15 ||   188
       Ozocubu's Armour  |       |     9 |    45 |    60 |    38 |    14 ||   166
       Magic Dart        |       |       |    89 |   114 |    69 |    15 ||   287
       Searing Ray       |       |       |    21 |    33 |    57 |     5 ||   116
       Hailstorm         |       |       |       |     9 |     8 |       ||    17
       Ozocubu's Refrige |       |       |       |    12 |   360 |   468 ||   840
       Iskenderun's Myst |       |       |       |       |     7 |     1 ||     8
       Olgreb's Toxic Ra |       |       |       |       |     1 |       ||     1
       Orb of Destructio |       |       |       |       |       |     9 ||     9
Invok: Channel Magic     |       |       |       |       |     6 |     8 ||    14
 Abil: Breathe Acid      |       |       |     9 |     1 |     4 |     5 ||    19
  Use: Scroll            |       |       |    12 |     6 |     7 |     3 ||    28
       Potion            |       |       |     6 |       |       |       ||     6
 Stab: Sleeping          |       |     6 |       |       |       |       ||     6
       Distracted        |       |       |     1 |       |       |       ||     1
Armor: Skin              |    26 |    53 |   139 |   134 |   116 |    51 ||   519
Dodge: Dodged            |    72 |    86 |   270 |   217 |   226 |   174 ||  1045
